Map: Ruins of Seras

Players

Uply

  • Race: Zerg Zerg

JusticeSimon - Winner!

  • Race: Protoss Protoss
  • League: Master

VOD

Have the link to the VOD?

Description

Time

  • Played on: March 13, 2016, 3:59 a.m.
  • Length: 22:01
Show
View Real Time Build Order
Export as new Build Order

Uply Zerg 

Build Orders: Pool First, Lurkers 

Get SALT Encoding   

  12  0:01  Drone  
  13  0:14  Extractor  
  12  0:24  Spawning Pool  
  11  0:29  Drone  
  11  0:34  Drone  
  13  0:39  Drone  
  14  0:48  Extractor, Drone  
  15  0:57  Overlord  
  15  1:16  Metabolic Boost  
  15  1:19  Zergling x4  
  17  1:27  Queen  
  17  1:32  Zergling x2  
  20  1:42  Zergling x2  
  21  1:50  Overlord  
  21  2:00  Zergling x2  
  22  2:13  Zergling x2  
  22  2:15  Hatchery  
  22  2:21  Drone  
  23  2:28  Queen  
  25  2:32  Zergling x2  
  25  2:50  Zergling x6  
  27  3:02  Zergling x2  
  24  3:20  Drone x2  
  24  3:26  Hatchery  
  25  3:29  Drone x2  
  27  3:47  Drone x3  
  29  4:03  Queen  
  29  4:04  Overlord  
  29  4:07  Drone  
  29  4:08  Drone  
  29  4:09  Drone x2  
  35  4:15  Roach Warren, Drone  
  35  4:25  Evolution Chamber, Drone x2  
  35  4:28  Drone  
  35  4:30  Drone  
  38  4:33  Drone  
  38  4:35  Drone  
  40  4:39  Drone  
  40  4:40  Drone  
  40  4:42  Zergling x2  
  40  4:45  Drone  
  44  4:50  Overlord  
  44  4:55  Extractor  
  44  4:57  Drone x3  
  44  4:58  Drone  
  47  5:04  Spore Crawler  
  46  5:11  Spore Crawler  
  46  5:12  Drone  
  46  5:13  Drone x2  
  48  5:21  Spore Crawler  
  48  5:22  Drone  
  48  5:23  Drone x3  
  49  5:32  Overlord x2  
  48  5:36  Lair  
  44  5:46  Zergling x2  
  45  5:50  Drone x2  
  45  5:51  Drone x4  
  45  5:55  Extractor  
  50  6:01  Drone x6  
  56  6:04  Roach  
  56  6:05  Roach  
  56  6:10  Overlord x2  
  61  6:13  Roach  
  62  6:18  Extractor  
  62  6:21  Roach  
  63  6:27  Roach  
  63  6:31  Roach x4  
  74  6:32  Zergling x2  
  74  6:33  Zergling x8  
  74  6:38  Spine Crawler  
  67  6:56  Roach  
  67  6:57  Roach x5  
  74  7:03  Drone x2  
  74  7:04  Drone x2  
  70  7:22  Roach x7  
  74  7:35  Drone x2  
  74  7:36  Drone  
  65  7:47  Drone x2  
  65  7:48  Drone  
  68  7:53  Ravager x2  
  68  7:55  Drone x2  
  72  8:02  Zergling x2  
  72  8:03  Queen x2  
  74  8:05  Ravager  
  70  8:13  Roach, Zergling x2  
  70  8:14  Zergling x2  
  70  8:23  Drone x2  
  70  8:24  Drone  
  70  8:25  Queen  
  75  8:32  Zergling x4  
  75  8:33  Zergling x2  
  77  8:36  Drone  
  77  8:37  Drone  
  79  8:48  Zergling x2  
  79  8:49  Zergling x4  
  79  8:51  Overlord  
  82  9:05  Overlord  
  82  9:07  Zerg Missile Weapons Level 1  
  82  9:11  Drone x3  
  82  9:12  Drone x2  
  82  9:14  Drone  
  82  9:15  Drone x2  
  90  9:26  Drone  
  90  9:30  Hydralisk Den  
  90  9:31  Drone x4  
  92  9:33  Extractor  
  93  9:46  Zergling x2  
  93  9:47  Zergling x8  
  93  9:48  Overlord  
  93  9:49  Overlord x2  
  96  9:53  Drone  
  96  9:54  Drone  
  96  9:55  Drone x2  
  97  10:04  Overlord  
  97  10:05  Overlord x2  
  97  10:07  Drone x3  
  97  10:10  Drone x3  
  97  10:12  Drone  
  104  10:22  Zergling x6  
  104  10:23  Lurker Den  
  106  10:34  Drone x4  
  110  10:36  Extractor, Drone x2  
  110  10:37  Extractor  
  110  10:40  Ravager  
  110  10:41  Ravager x4  
  115  10:46  Overlord  
  115  10:49  Zergling x12  
  121  10:51  Overseer  
  121  10:56  Zergling x2  
  122  11:09  Ravager x3  
  122  11:11  Zergling x12  
  126  11:12  Zergling x6  
  134  11:18  Drone x2  
  134  11:19  Drone  
  137  11:29  Zergling x2  
  137  11:30  Zergling x4  
  140  11:32  Hatchery  
  140  11:35  Overlord x3  
  97  11:56  Hydralisk x5  
  97  11:57  Hydralisk x5  
  97  11:58  Drone  
  101  12:06  Muscular Augments  
  89  12:09  Drone  
  89  12:10  Drone x2  
  89  12:11  Hydralisk  
  89  12:12  Hydralisk x2  
  97  12:19  Zergling x4  
  97  12:20  Zergling x6  
  97  12:22  Lurker x2  
  104  12:25  Lurker x2  
  106  12:30  Overseer  
  106  12:31  Zergling x2  
  106  12:32  Zergling x4  
  109  12:40  Lurker x2  
  108  12:50  Hydralisk  
  108  12:51  Hydralisk x2  
  100  12:57  Drone  
  100  12:58  Drone x10  
  115  13:06  Hydralisk x2  
  115  13:07  Hydralisk  
  120  13:21  Hydralisk x3  
  123  13:28  Hatchery  
  123  13:31  Hydralisk x3  
  128  13:35  Lurker  
  128  13:36  Lurker  
  128  13:37  Lurker  
  131  14:02  Extractor  
  131  14:05  Extractor  
  131  14:07  Hydralisk  
  131  14:08  Hydralisk x3  
  136  14:10  Overlord x4  
  136  14:13  Hatchery  
  134  14:47  Zerg Missile Weapons Level 2  
  134  14:52  Hydralisk, Spine Crawler x3  
  131  14:53  Hydralisk x8  
  131  14:56  Overseer x2  
  148  15:18  Lurker x2  
  148  15:19  Lurker x3  
  142  15:23  Hydralisk  
  142  15:24  Hydralisk x6  
  155  15:34  Hydralisk x2  
  155  15:35  Hydralisk  
  155  15:38  Zergling x2  
  155  15:39  Zergling x2  
  155  15:45  Lurker  
  155  15:46  Lurker  
  157  15:55  Spine Crawler  
  156  15:57  Baneling Nest  
  155  16:04  Lurker x2  
  133  16:25  Hydralisk  
  133  16:26  Hydralisk x8  
  123  16:35  Zergling x2  
  123  16:36  Zergling x4  
  123  16:37  Lurker  
  108  16:43  Zergling x2  
  108  16:44  Zergling x4  
  107  16:52  Spire  
  106  16:55  Lurker x5  
  111  17:08  Extractor  
  110  17:12  Zergling x22  
  114  17:21  Hydralisk  
  96  17:23  Hydralisk x2  
  96  17:24  Hydralisk x2  
  102  17:32  Queen x2  
  97  17:39  Hydralisk  
  97  17:40  Hydralisk x3  
  97  17:43  Hydralisk  
  100  17:48  Hydralisk  
  88  17:52  Hydralisk  
  88  18:07  Drone  
  89  18:20  Lurker  
  89  18:21  Lurker x3  
  89  18:22  Hatchery  
  92  18:27  Drone x2  
  92  18:28  Drone  
  95  18:43  Lurker x3  
  95  18:44  Lurker  
  99  18:54  Mutalisk  
  99  18:55  Mutalisk x3  
  107  19:16  Mutalisk x5  
  116  19:41  Hatchery  
  114  19:50  Mutalisk x4  
  114  19:52  Drone x3  
  125  19:55  Extractor  
  125  19:56  Spine Crawler  
  125  19:58  Zergling x8  
  127  20:00  Overseer  
  127  20:01  Overseer  
  127  20:03  Pneumatized Carapace  
  127  20:12  Drone x2, Spore Crawler  
  128  20:20  Spore Crawler  
  127  20:24  Drone  
  128  20:33  Overlord x2  
  120  21:03  Hatchery  
  113  21:26  Hydralisk x4  
Show
View Real Time Build Order
Export as new Build Order

JusticeSimon Protoss - Winner!

Build Orders: 1 Gate Expand 

Get SALT Encoding   

  12  0:01  Probe (Chrono Boost)  
  13  0:11  Probe (Chrono Boost)  
  14  0:18  Pylon  
  14  0:23  Probe (Chrono Boost)  
  15  0:36  Probe (Chrono Boost)  
  15  0:41  Gateway  
  16  0:47  Probe (Chrono Boost)  
  16  0:49  Assimilator  
  17  0:57  Probe (Chrono Boost)  
  18  1:08  Probe (Chrono Boost)  
  19  1:26  Nexus  
  19  1:37  Cybernetics Core  
  19  1:41  Probe (Chrono Boost)  
  19  1:47  Assimilator  
  20  1:51  Probe (Chrono Boost)  
  21  2:01  Pylon  
  21  2:05  Zealot (Chrono Boost)  
  23  2:13  Warp Gate  
  23  2:21  Mothership Core  
  25  2:31  Adept (Chrono Boost)  
  25  2:35  Pylon  
  27  2:47  Probe  
  24  2:58  Adept (Chrono Boost)  
  26  2:59  Probe  
  27  3:11  Probe  
  28  3:16  Probe  
  29  3:23  Probe, Adept (Chrono Boost)  
  32  3:29  Stargate  
  32  3:31  Probe  
  33  3:41  Probe  
  33  3:42  Probe  
  35  3:54  Gateway  
  35  3:55  Probe  
  35  3:56  Probe  
  37  4:05  Probe  
  37  4:08  Pylon  
  38  4:16  Probe x2  
  39  4:17  Oracle (Chrono Boost)  
  43  4:25  Sentry  
  43  4:29  Gateway  
  45  4:35  Pylon  
  45  4:49  Phoenix (Chrono Boost), Stalker x2  
  45  4:52  Probe  
  52  5:00  Gateway  
  52  5:07  Probe  
  52  5:09  Probe  
  54  5:14  Gateway  
  54  5:19  Gateway  
  54  5:30  Adept x2  
  58  5:44  Adept  
  58  5:48  Gateway  
  57  5:53  Pylon  
  57  5:55  Adept x2  
  61  6:13  Pylon  
  61  6:16  Adept x4, Pylon  
  69  6:25  Pylon  
  69  6:31  Adept  
  71  6:41  Adept  
  71  6:42  Adept x4  
  75  6:58  Adept x2  
  75  7:07  Probe  
  75  7:08  Probe  
  67  7:23  Stalker x3  
  67  7:24  Stalker x4  
  61  7:46  Probe x2  
  61  7:48  Stalker x3  
  61  7:49  Zealot, Stalker x2  
  73  7:58  Probe x2  
  73  8:00  Assimilator  
  73  8:02  Stalker  
  75  8:13  Stalker x2  
  75  8:15  Probe x2  
  79  8:21  Assimilator  
  79  8:23  Stalker  
  69  8:35  Stalker x2  
  73  8:43  Robotics Facility  
  72  8:55  Stalker x2  
  76  9:08  Twilight Council  
  76  9:17  Stalker  
  76  9:18  Pylon  
  76  9:20  Pylon  
  78  9:30  Immortal (Chrono Boost)  
  82  9:33  Adept x2  
  86  9:43  Pylon  
  86  9:59  Blink (Chrono Boost)  
  82  10:06  Robotics Bay  
  82  10:07  Adept  
  82  10:08  Adept x2  
  82  10:09  Adept x3  
  82  10:11  Immortal  
  98  10:37  Nexus  
  98  10:44  Pylon  
  98  10:47  Disruptor  
  101  11:03  Pylon, Stalker x2  
  101  11:04  Stalker x2  
  109  11:17  Robotics Facility  
  109  11:29  Disruptor  
  91  11:56  Stalker x3  
  91  11:57  Stalker x3  
  87  12:07  Probe  
  87  12:08  Probe x2  
  89  12:10  Disruptor x2 (Chrono Boost)  
  96  12:20  Probe x2  
  96  12:22  Probe  
  99  12:29  Stalker x3  
  105  12:32  Probe  
  104  12:52  Observer x2 (Chrono Boost)  
  104  12:55  Stalker x4  
  104  12:57  Probe  
  104  12:58  Probe x2  
  117  13:05  Assimilator x2  
  114  13:10  Probe  
  115  13:28  Disruptor x2 (Chrono Boost)  
  115  13:29  Probe  
  115  13:30  Probe  
  115  13:31  Probe  
  124  13:37  Forge  
  124  14:00  Nexus  
  124  14:01  Pylon  
  124  14:03  Stalker x2  
  128  14:24  Disruptor x2 (Chrono Boost)  
  128  14:29  Stalker x4  
  142  14:31  Protoss Ground Weapons Level 1 (Chrono Boost)  
  142  14:53  Warp Prism  
  142  14:55  Pylon  
  142  14:56  Observer  
  145  15:19  Immortal  
  143  15:24  Stalker  
  143  15:25  Stalker x5  
  153  15:37  Immortal  
  155  15:53  Immortal  
  155  15:54  Photon Cannon  
  155  15:56  Photon Cannon  
  155  15:58  Photon Cannon  
  154  16:32  Zealot, Stalker  
  137  16:33  Stalker x4  
  133  16:52  Probe x3  
  136  16:58  Protoss Ground Weapons Level 2 (Chrono Boost)  
  136  16:59  Assimilator, Zealot, Immortal  
  136  17:00  Zealot x5  
  148  17:04  Probe  
  148  17:05  Assimilator  
  92  17:46  Immortal x2  
  92  17:49  Stalker x2  
  92  17:50  Stalker x4  
  102  17:58  Gateway  
  100  18:15  Templar Archives  
  100  18:17  Dark Shrine  
  100  18:21  Immortal  
  100  18:25  Immortal  
  108  18:45  Nexus  
  108  18:52  High Templar x4  
  108  18:53  High Templar x2  
  120  18:56  Archon x2  
  120  18:57  Archon  
  120  19:15  Immortal x2  
  120  19:22  Gateway  
  128  19:28  Gateway, Pylon  
  128  19:30  Gateway  
  128  19:32  Pylon  
  128  19:42  Dark Templar x3  
  132  19:46  Psionic Storm  
  132  20:12  Immortal  
  132  20:13  Immortal  
  132  20:19  Stalker x3  
  140  20:23  Oracle  
  140  20:28  Photon Cannon  
  129  21:07  Stalker x3  
  129  21:08  Stalker x4  
  129  21:09  Stalker x2  
  129  21:10  Probe x3  
  147  21:20  Phoenix  
  147  21:22  Probe  
  150  21:32  High Templar x3  
  156  21:35  Probe  
  156  21:37  Probe x2  
Tags
 
Composition
Lurkers
League
Master
Matchup
PvZ
Replay Pack
Simon Rep
Add a new tag
Caveats
  • Supply blocks, unpowered buildings, or Contaminate may cause inaccurate times.
  • Supply counts are checked every 10 seconds.